 Dungeon Crawl Stone Soup version 0.22.0-49-gab54619 (webtiles) character file.

777 Fang the Chopper (level 7, -3/66 HPs)
             Began as a Gargoyle Berserker on Sept 4, 2018.
             Was an Elder of Trog.
             Slain by an ice beast (12 damage)
             ... on level 5 of the Dungeon.
             The game lasted 00:03:28 (4338 turns).

Fang the Chopper (Gargoyle Berserker)               Turns: 4338, Time: 00:03:29

Health: -3/66      AC:  7    Str: 28    XL:     7   Next: 84%
Magic:  7/7        EV: 13    Int:  7    God:    Trog [****..]
Gold:   116        SH:  0    Dex: 14    Spells: 6/6 levels left

rFire    + . .     SeeInvis .   a - +0 hand axe
rCold    x . .     Gourm    .   (no shield)
rNeg     + . .     Faith    .   b - +0 animal skin
rPois    ∞         Spirit   .   (no helmet)
rElec    +         Reflect  .   (no cloak)
rCorr    .         Harm     .   (no gloves)
MR       .....                  (no boots)
Stlth    ..........             (no amulet)
HPRegen  0.21/turn              k - +5 ring of dexterity
MPRegen  0.10/turn              m - ring of fire

@: berserking, very quick
A: negative energy resistance 1, electricity resistance, unbreathing,
petrification resistance, rot immunity, AC +4
a: Berserk, Trog's Hand, Brothers in Arms, Renounce Religion


You were on level 5 of the Dungeon.
You worshipped Trog.
Trog was greatly pleased with you.
You were very hungry.

You visited 1 branch of the dungeon, and saw 5 of its levels.

You collected 116 gold pieces.

Inventory:

Hand Weapons
 a - a +0 hand axe (weapon)
Armour
 b - a +0 animal skin (worn)
Jewellery
 k - a +5 ring of dexterity (left hand)
 m - a ring of fire (right hand)
 s - an uncursed ring of fire
Wands
 u - a wand of flame (28)
Scrolls
 d - 7 scrolls of teleportation {unknown}
 f - 6 scrolls of identify {unknown}
 g - 2 scrolls of fear {unknown}
 h - a scroll of immolation {unknown}
 i - 2 scrolls of magic mapping {unknown}
 o - 2 scrolls of blinking {unknown}
 t - a scroll of enchant armour {unknown}
 v - a scroll of remove curse {unknown}
Potions
 e - 2 potions of curing {unknown}
 j - a potion of lignification {unknown}
 l - a potion of degeneration {unknown}
 n - a potion of cancellation {unknown}
 p - a potion of flight {unknown}
 q - 2 potions of resistance {unknown}
 r - a potion of might {unknown}
Comestibles
 c - 3 rations


   Skills:
 + Level 5.5 Fighting
 + Level 6.1 Axes
 + Level 2.5 Armour
 + Level 3.3 Dodging
 + Level 2.0 Stealth


You had 6 spell levels left.
You didn't know any spells.
Your spell library was empty.

Dungeon Overview and Level Annotations

Branches:
Dungeon (5/15)
 Temple: D:4-7

Altars:
Trog
Yredelemnul


Innate Abilities, Weirdness & Mutations

You are resistant to torment.
Your stone body is resilient. (AC +4)
You are immune to poison.
You resist negative energy. (rN+)
You are resistant to electric shocks. (rElec)
You can survive without breathing.
You are immune to petrification.
You are immune to rotting.


Message History

You slash the worker ant! The worker ant bites you.
* * * LOW HITPOINT WARNING * * *
The ice beast hits you but does no damage.
Unknown command.
You hit the ice beast.
The ice beast is severely wounded.
You slash the worker ant!
You kill the worker ant!
Trog accepts your kill.
Your Stealth skill increases to level 2!
Unknown command.
You hit the ice beast.
The ice beast is almost dead.
The ice beast hits you but does no damage.
You closely miss the ice beast.
The ice beast is almost dead.
The ice beast hits you.
* * * LOW HITPOINT WARNING * * *
The ice beast freezes you!
You feel a terrible chill!
You die...

<.. #### . #.. ...
.#. #.# ..#
...#####.#####.#
...)......[[...#
.........(([(###
..........##[# #####
#..........#.## #...#
#......@...#..###...#
#.....Y....##..##...#
...........###....).#
.%.........#
####.<.##
##.....$..## #....#
#........# #.......
#.......... #######.
#...........


You could see an ice beast.

Vanquished Creatures
  Sigmund (D:2)
  A necrophage (D:5)
  4 orc wizards
  2 orc priests
  Jessica (D:2)
  An iguana (D:4)
  3 worker ants
  A howler monkey skeleton (D:4)
  9 adders
  An ooze (D:4)
  5 worms
  4 dart slugs
  7 leopard geckos
  21 orcs
  3 giant cockroaches
  5 goblins
  12 hobgoblins
  4 jackals (D:1)
  13 kobolds
  3 ball pythons
  5 bats
  7 frilled lizards
  A jackal skeleton (D:4)
  7 rats
121 creatures vanquished.

Notes
Turn   | Place    | Note
-------+----------+-------------------------------------------
     0 | D:1      | Fang the Gargoyle Berserker began the quest for the Orb.
     0 | D:1      | Reached XP level 1. HP: 14/14 MP: 1/1
   136 | D:1      | Reached XP level 2. HP: 12/19 MP: 2/2
   578 | D:1      | Reached skill level 3 in Axes
   767 | D:1      | Reached XP level 3. HP: 23/24 MP: 3/3
   794 | D:1      | Reached ** piety under Trog
  1279 | D:2      | Noticed Sigmund
  1300 | D:2      | Killed Sigmund
  1300 | D:2      | Reached skill level 4 in Axes
  1300 | D:2      | Reached XP level 4. HP: 6/30 MP: 4/4
  1300 | D:2      | Reached XP level 5. HP: 7/34 MP: 5/5
  1682 | D:2      | Noticed Jessica
  1688 | D:2      | Reached XP level 6. HP: 39/39 MP: 6/6
  1691 | D:2      | Killed Jessica
  1858 | D:2      | Found a basalt altar of Yredelemnul.
  2419 | D:3      | Reached *** piety under Trog
  2466 | D:3      | Reached skill level 5 in Fighting
  2516 | D:3      | Reached skill level 1 in Stealth
  2520 | D:3      | Reached skill level 5 in Axes
  3012 | D:4      | Reached XP level 7. HP: 43/44 MP: 7/7
  3093 | D:4      | Found a bloodstained altar of Trog.
  3926 | D:5      | Entered Level 5 of the Dungeon
  3957 | D:5      | Reached **** piety under Trog
  3976 | D:5      | Reached skill level 6 in Axes
  4338 | D:5      | Slain by an ice beast

Skill      XL: |  1  2  3  4  5  6  7 |
---------------+----------------------+-----
Axes           | 3 4 5 6 |  6.1
Fighting       | 4 5 |  5.5
Dodging        | 2 3 |  3.3
Stealth        | 1 2 |  2.0
Armour         | |  2.5

Action                   |  1- 3 |  4- 6 |  7- 9 || total
-------------------------+-------+-------+-------++-------
Melee: Hand axe          |   104 |   175 |   108 ||   387
Invok: Berserk           |     1 |     3 |     2 ||     6
 Stab: Sleeping          |       |     3 |       ||     3
  Eat: Chunk             |       |    10 |     2 ||    12
       Ration            |       |       |     1 ||     1
Armor: Animal skin       |    32 |    67 |    48 ||   147
Dodge: Dodged            |    74 |   112 |    71 ||   257
